 Dungeon Crawl Stone Soup version 0.31-a0-986-g5e6e4ef867 (webtiles) character file.

Game seed: 5611247586831270792

152 ytrimaz the Insei (level 5, -2/33 HPs)
             Began as an Octopode Shapeshifter on Nov 16, 2023.
             Slain by an orc
             ... wielding a +0 flail
              (7 damage)
             ... on level 3 of the Dungeon.
             The game lasted 00:02:09 (2139 turns).

ytrimaz the Insei (Octopode Shapeshifter)           Turns: 2139, Time: 00:02:10

Health: -2/33      AC:  1    Str: 19    XL:     5   Next: 34%
Magic:  5/5        EV: 13    Int: 13    God:
Gold:   92         SH:  0    Dex: 13    Spells: 4/4 levels left

rFire   + .          .
                       - Unarmed
rCold   . . .        (no shield)
rNeg    . . .        (helmet currently unavailable)
rPois   .            (no amulet)
rElec   .            f - ring of protection from fire
rCorr   .            m - +6 ring of strength
SInv    .            (no ring)
Will    .....        (no ring)
Stlth   ++           (no ring)
HPRegen 0.25/turn    (no ring)
MPRegen 0.09/turn    (no ring)
                     (no ring)

%: no passive effects
@: beast-form
A: beast (slay +2), almost no armour, amphibious, 8 rings, camouflage 1,
gelatinous body 1, (nimble swimmer 1), tentacles
a: Begin Untransformation


You were on level 3 of the Dungeon.
You were a hulking beast.
You visited 1 branch of the dungeon, and saw 3 of its levels.

You collected 92 gold pieces.


Innate Abilities, Weirdness & Mutations

You are a hulking beast.
Your limbs bulge with bestial killing power. (Slay +2)
You cannot wear most types of armour.
You are amphibious.
You can wear up to eight rings at the same time.
Your skin changes colour to match your surroundings (Stealth+).
Your rubbery body absorbs attacks. (AC +1, EV +1)
((You are camouflaged when in or above water. (Stealth+)))
You have tentacles for arms and can constrict up to eight enemies at once.


   Skills:
 - Level 1.0 Fighting
 - Level 2.0 Dodging
 + Level 4.6 Unarmed Combat
 + Level 4.4 Shapeshifting


You had 4 spell levels left.
You didn't know any spells.
Your spell library was empty.

Inventory:

Jewellery
 f - a ring of protection from fire (left tentacle)
   (You found it on level 1 of the Dungeon)
 m - a +6 ring of strength (right tentacle)
   (You found it on level 3 of the Dungeon)
Talismans
 b - a beast talisman
 c - a flux talisman
Scrolls
 d - 3 scrolls of revelation {unknown}
 g - a scroll of enchant armour {unknown}
 h - a scroll of blinking {unknown}
 i - a scroll of torment {unknown}
 j - a scroll of identify {unknown}
 n - a scroll of poison {unknown}
Potions
 a - 2 potions of haste {unknown}
 e - a potion of attraction {unknown}
 k - 2 potions of resistance {unknown}
 l - a potion of lignification
 o - a potion of might {unknown}

Dungeon Overview and Level Annotations

Branches:
Dungeon (3/15) Zot: 15869

Altars:

Shops:
D:1 !*

Annotations:
D:1 2 transporters

........ ..[....
#.....
######....
#........
#.......
#....oo##
#.....o)#######
###...#h#.....#
#...#.......#
#...##......#
####
##.....#######
#...........#
#...........# ##
##....).....###.
##....######...
####.### #...


You could see 3 orcs.


Message History

You constrict the rat. The rat closely misses you.
You bludgeon the rat!
You kill the rat!
You see here a rat corpse.
o - a dark potion You now have 92 gold pieces (gained 9).
k - 2 metallic purple potions (gained 1) Key pressed, stopping explore.
A kobold comes into view. It is wielding a +0 short sword.
A kobold is nearby!
A kobold is nearby!
A kobold is nearby!
The kobold shouts!
The kobold closely misses you.
You completely miss the kobold. You grab the kobold.
You constrict the kobold, but do no damage.
You tentacle-slap the kobold.
You kill the kobold!
Things that are here:
a +0 short sword; a kobold corpse A goblin comes into view.
It is wielding a +0 club.
A goblin is nearby!
A goblin is nearby!
A goblin is nearby!
A giant cockroach comes into view. 2 orcs come into view.
The orc shouts!
The goblin shouts!
You hear a shout! x2
You see here a scroll labelled UCVAIC XENADWE.
You barely miss the giant cockroach.
The orc shouts!
You grab the giant cockroach.
You constrict the giant cockroach, but do no damage.
You hear a shout!
An orc comes into view. It is wielding a +0 flail.
The orc curses loudly.
The giant cockroach bites you. 😕 HP[-1]
You take 1 damage, and now have 32/33 hp.
You tentacle-slap the giant cockroach.
You kill the giant cockroach!
The goblin hits you with a +0 club.
An orc comes into view. It is wielding a +0 club.
An orc comes into view. It is wielding a +0 flail.
The orc hits you but does no damage. 😕 HP[-4]
You take 4 damage, and now have 28/33 hp.
You closely miss the goblin.
The orc shouts!
You grab the goblin. You constrict the goblin.
The goblin hits you but does no damage.
An orc comes into view. It is wielding a +0 whip.
The orc hits you with a +0 mace! 😮 HP[-7]
You take 7 damage, and now have 21/33 hp.
MASSIVE DAMAGE!! (PAUSE)
You release your grip on the goblin. 😮 HP[+1]
You barely miss the goblin. Your grab misses the goblin.
You squeeze the goblin.
You kill the goblin!
You tentacle-slap the orc. Your grab misses the orc.
Your squeeze misses the orc. The orc barely misses you.
You bludgeon the orc!
You kill the orc! 😮 HP[+1]
Items here: )) ††.
You bludgeon the orc!
You kill the orc!
The orc hits you with a +0 dagger. 😮 HP[-3]
You take 3 damage, and now have 20/33 hp.
The orc misses you. The orc hits you with a +0 dagger.
Things that are here:
a +0 club; a +0 ring mail; 😮 HP[-1]
You take 1 damage, and now have 19/33 hp.
You barely miss the orc. Your grab misses the orc. Your squeeze misses the orc.
The orc completely misses you. 😮 HP[+1]
The orc barely misses you. The orc misses you.
The orc hits you with a +0 dagger.
You see here a scroll labelled UCVAIC XENADWE. 😮 HP[-2]
You take 2 damage, and now have 18/33 hp.
You barely miss the orc. Your grab misses the orc. The orc barely misses you.
The orc hits you with a +0 dagger.
* * * LOW HITPOINT WARNING * * *
😨 HP[-2]
You take 2 damage, and now have 16/33 hp.
You tentacle-slap the orc. You grab the orc. You constrict the orc.
You kill the orc!
The orc hits you with a +0 flail!
* * * LOW HITPOINT WARNING * * *
The orc hits you with a +0 whip.
* * * LOW HITPOINT WARNING * * *
The orc barely misses you. 😱 HP[-12]
You take 12 damage, and now have 4/33 hp.
MASSIVE DAMAGE!! (PAUSE)
The orc attacks as it pursues you! The orc hits you with a +0 flail!
You die...

Skill      XL: |  1  2  3  4 |
---------------+-------------+-----
Unarmed Combat | 4 |  4.6
Shapeshifting  | 4 |  4.4
Fighting       | |  1.0
Dodging        | |  2.0

Action                     |  1- 3 |  4- 6 || total
---------------------------+-------+-------++-------
  Melee: Unarmed           |    61 |    63 ||   124
         Tentacles         |    12 |     6 ||    18
         Constrict         |    15 |    12 ||    27
         Punch             |     1 |       ||     1
    Use: Potion            |     1 |       ||     1
   Stab: Sleeping          |    11 |     5 ||    16
 Armour: Skin              |    37 |    87 ||   124
  Dodge: Dodged            |    39 |    34 ||    73

Levels and vault maps discovered:
D:1:      erik_arrival_orb_chamber, layout_loops_ring, serial_shops,
          nicolae_shop_drivethru, nicolae_shop_pleasant_corner_grove, shop
D:2:      minmay_door_path, layout_basic, kennysheep_doodads, uniq_terence
D:3:      layout_basic, lemuel_crystal_altar, mainiacjoe_overflow_chevrons

Notes
Turn   | Place    | Note
-------+----------+-------------------------------------------
     0 | D:1      | ytrimaz the Octopode Shapeshifter began the quest for the
                  | Orb.
     0 | D:1      | Reached XP level 1. HP: 13/13 MP: 1/1
     0 | D:1      | magus.rc [v1.9.6]
   137 | D:1      | Reached XP level 2. HP: 18/18 MP: 2/2
   165 | D:1      | Found a transporter.
   235 | D:1      | HP: 4/18 [kobold/+0 dagger (1)]
   327 | D:1      | Found Ipsial's Distillery.
   377 | D:1      | Reached XP level 3. HP: 23/23 MP: 3/3
   685 | D:1      | Found a transporter.
   685 | D:1      | Found Jyuveab's Assorted Antiques.
  1063 | D:2      | HP: 8/34 [gnoll/+0 spear (2)]
  1064 | D:2      | Reached skill level 4 in Unarmed Combat
  1064 | D:2      | Reached XP level 4. HP: 10/28 MP: 4/4
  1072 | D:2      | Reached skill level 4 in Shapeshifting
  1076 | D:2      | HP: 8/42 [jackal (2)]
  1081 | D:2      | HP: 9/42 [jackal (1)]
  1421 | D:2      | Noticed Terence
  1430 | D:2      | Killed Terence
  1485 | D:2      | Reached XP level 5. HP: 33/33 MP: 5/5
  2138 | D:3      | HP: 4/33 [orc/+0 whip (5)]
  2139 | D:3      | Slain by an orc

Vanquished Creatures
  Terence (D:2)
  3 gnolls (D:2)
  3 adders (D:2)
  A worm (D:2)
  3 dart slugs
  3 orcs (D:3)
  2 endoplasms (D:2)
  3 giant cockroaches
  4 goblins
  6 hobgoblins
  4 jackals (D:2)
  3 quokkas
  7 ball pythons
  3 bats
  4 frilled lizards
  4 kobolds
  7 rats
61 creatures vanquished.

Table legend:
 A = Non-vault XP
 B = Vault XP
 C = Vault XP percentage of total XP
 D = Non-vault monster count
 E = Vault monster count
 F = Vault count percentage of total count
                 A         B        C        D         E       F
            +---------+---------+-------+---------+---------+-------
      Total |     162 |      56 |  25.7 |      56 |       5 |   8.2
            +---------+---------+-------+---------+---------+-------
        D:1 |      38 |       0 |   0.0 |      24 |       0 |   0.0
        D:2 |     102 |      56 |  35.4 |      21 |       5 |  19.2
        D:3 |      22 |       0 |   0.0 |      11 |       0 |   0.0
            +---------+---------+-------+---------+---------+-------

Skill      XL: |  1  2  3  4 |
---------------+-------------+-----
Unarmed Combat | 4 |  4.6
Shapeshifting  | 4 |  4.4
Fighting       | |  1.0
Dodging        | |  2.0

Action                     |  1- 3 |  4- 6 || total
---------------------------+-------+-------++-------
  Melee: Unarmed           |    61 |    63 ||   124
         Tentacles         |    12 |     6 ||    18
         Constrict         |    15 |    12 ||    27
         Punch             |     1 |       ||     1
    Use: Potion            |     1 |       ||     1
   Stab: Sleeping          |    11 |     5 ||    16
 Armour: Skin              |    37 |    87 ||   124
  Dodge: Dodged            |    39 |    34 ||    73

Illustrated notes

Table legend:
 A = Kills in this place as a percentage of kills in the entire game.
 B = Kills by you in this place as a percentage of kills by you in the entire game.
 C = Kills by friends in this place as a percentage of kills by friends in the entire game.
 D = Other kills in this place as a percentage of other kills in the entire game.
 E = Experience gained in this place as a percentage of experience gained in the entire game.
 F = Experience gained in this place divided by the number of levels of this place that you have seen.
                   A       B       C       D       E      F
               +-------+-------+-------+-------+-------+----------------------
         Total | 100.0 | 100.0 |   N/A |   N/A | 100.0 |  72.7
       Dungeon | 100.0 | 100.0 |   N/A |   N/A | 100.0 |  72.7
               +-------+-------+-------+-------+-------+----------------------

Table legend: (Time is in decaauts)
 A = Elapsed time spent in this place.
 B = Non-inter-level travel time spent in this place.
 C = Inter-level travel time spent in this place.
 D = Time resting spent in this place.
 E = Time spent auto-exploring this place.
 F = Levels seen in this place.
 G = Mean time per level.
                   A        B        C        D        E       F      G
               +--------+--------+--------+--------+--------+-----+--------+
         Total |   2129 |   2063 |     66 |      0 |   1694 |   3 |  709.7 |
       Dungeon |   2129 |   2063 |     66 |      0 |   1694 |   3 |  709.7 |
               +--------+--------+--------+--------+--------+-----+--------+

Top non-repeatable levels by time:
     D:2: 1230 daAuts
     D:1: 737 daAuts
     D:3: 161 daAuts
